[Event "December 19 Early 2023"]
[Site "https://www.chess.com"]
[Date "2023.12.19"]
[Round "6"]
[White "Manukian, Artak"]
[Black "Tari, Aryan"]
[Result "0-1"]
[Board "60"]
[TimeControl "180+1"]
[WhiteFideId "13301373"]
[BlackFideId "1510045"]
[WhiteElo "2030"]
[BlackElo "2577"]
[WhiteTeam "ARM"]
[BlackTeam "NOR"]
[WhiteClock "0:00:00"]
[BlackClock "0:00:14"]

1. e4 e5 2. Nf3 Nc6 3. d4 exd4 4. Nxd4 Nf6 5. Nxc6 bxc6 6. e5 Qe7 7. Qe2 Nd5 8. c4 Ba6 9. b3 g6 10. g3 Bg7 11. Bb2 O-O 12. Bg2 Rae8 13. O-O Bxe5 14. Qxe5 Qxe5 15. Bxe5 Rxe5 16. cxd5 Bxf1 17. Kxf1 cxd5 18. Nc3 c6 19. Rc1 Rb8 20. Na4 Kf8 21. Nc5 Ke8 22. Bh3 Re7 23. Bg4 Kd8 24. h4 a5 25. h5 d6 26. Nd3 Rb6 27. Nf4 Ra7 28. Ke2 a4 29. b4 a3 30. Nd3 f5 31. Bf3 g5 32. g4 Re7+ 33. Kd2 Rf7 34. gxf5 Rxf5 35. Bg4 Rf7 36. f3 h6 37. Kc3 Ra7 38. Re1 Ra4 39. Re6 d4+ 40. Kb3 Raxb4+ 41. Nxb4 c5 42. Kxa3 Rxb4 43. Rxd6+ Kc7 44. Rxh6 d3 45. Rh7+ Kc6 0-1

[Event "December 19 Early 2023"]
[Site "https://www.chess.com"]
[Date "2023.12.19"]
[Round "6"]
[White "Corrales Jimenez, Fidel"]
[Black "Trost, Edvin"]
[Result "1-0"]
[Board "61"]
[TimeControl "180+1"]
[WhiteFideId "3506690"]
[BlackFideId "1729519"]
[WhiteElo "2507"]
[BlackElo "2385"]
[WhiteTeam "USA"]
[BlackTeam "SWE"]
[WhiteClock "0:00:20"]
[BlackClock "0:00:02"]

1. e4 c6 2. d4 d5 3. e5 Bf5 4. h4 h5 5. Bd3 Bxd3 6. Qxd3 Qa5+ 7. Nd2 e6 8. Ne2 c5 9. O-O Nc6 10. c3 cxd4 11. cxd4 Nge7 12. Nf3 Nf5 13. Ng3 g6 14. Nxf5 gxf5 15. Bg5 Qa6 16. Qe3 Rg8 17. Rfc1 Rc8 18. a3 Kd7 19. b4 Bg7 20. Rc5 Qa4 21. Rac1 b6 22. R5c3 Rc7 23. R1c2 Rgc8 24. Qc1 Bf8 25. Bf6 a5 26. bxa5 Qxa5 27. Qg5 Bxa3 28. Qxh5 Nd8 29. Rxc7+ Rxc7 30. Rxc7+ Kxc7 31. Bxd8+ Kxd8 32. Qxf7 Qc3 33. Kh2 Qc1 34. g3 Qc6 35. h5 Bc1 36. h6 Bxh6 37. Qf6+ Kd7 38. Qxh6 b5 39. Qf8 Qc3 40. Qd6+ Kc8 41. Qxe6+ Kb8 42. Qb6+ Kc8 43. Kg2 b4 44. e6 b3 45. e7 Kd7 46. Qd8+ Kc6 47. e8=Q+ Kb7 48. Qb5+ Ka7 49. Qdb8# 1-0

[Event "December 19 Early 2023"]
[Site "https://www.chess.com"]
[Date "2023.12.19"]
[Round "6"]
[White "Dowgird, Filip"]
[Black "Harutjunyan, Gevorg"]
[Result "0-1"]
[Board "62"]
[TimeControl "180+1"]
[WhiteFideId "1121235"]
[BlackFideId "13300873"]
[WhiteElo "2248"]
[BlackElo "2436"]
[WhiteTeam "POL"]
[BlackTeam "ARM"]
[WhiteClock "0:01:47"]
[BlackClock "0:01:54"]

1. d4 Nf6 2. Bf4 d6 3. e3 c5 4. c3 Qb6 5. Qb3 Be6 6. Qxb6 axb6 7. Na3 Nd5 8. Bg3 Nxc3 9. Nb5 Nxb5 10. Bxb5+ Bd7 11. Bd3 Nc6 12. Ne2 Nb4 13. Bb1 g6 14. a3 Bg7 15. Kd2 Nc6 16. Kc3 cxd4+ 17. Nxd4 Nxd4 18. exd4 Rc8+ 19. Kd3 O-O 20. Re1 Rfe8 21. Bf4 e5 22. dxe5 dxe5 23. Be3 e4+ 24. Ke2 Bxb2 0-1

[Event "December 19 Early 2023"]
[Site "https://www.chess.com"]
[Date "2023.12.19"]
[Round "6"]
[White "Pichot, Alan"]
[Black "Saravana, Krishnan P."]
[Result "0-1"]
[Board "63"]
[TimeControl "180+1"]
[WhiteFideId "110973"]
[BlackFideId "5018382"]
[WhiteElo "2592"]
[BlackElo "2167"]
[WhiteTeam "ESP"]
[BlackTeam "IND"]
[WhiteClock "0:00:04"]
[BlackClock "0:00:10"]

1. d4 Nf6 2. Nf3 d5 3. c4 c6 4. Qc2 dxc4 5. Qxc4 Bf5 6. g3 e6 7. Bg2 Be7 8. O-O O-O 9. Nc3 Nbd7 10. Qb3 Qb6 11. Qa4 Ne4 12. Nxe4 Bxe4 13. Ne5 Bxg2 14. Nxd7 Qc7 15. Nxf8 Bxf1 16. Nxe6 Qd7 17. Kxf1 Qxe6 18. Qb3 Qe4 19. f3 Qxd4 20. Be3 Qd7 21. Rd1 Qc8 22. Bd4 Qh3+ 23. Kg1 Rd8 24. Bxa7 Rxd1+ 25. Qxd1 Qe6 26. b3 c5 27. Bb8 Qe3+ 28. Kg2 g5 29. Qd3 Qe6 30. e4 g4 31. f4 b5 32. f5 Qc8 33. Qxb5 Qd8 34. Bf4 Qd1 35. Qf1 Qc2+ 36. Kg1 Qxe4 37. h4 gxh3 38. Kh2 Qxf5 39. Qxh3 Qc2+ 40. Qg2 Qd1 41. Qa8+ Kg7 42. Qe4 Bf6 43. Kg2 Qa1 44. Qe2 Qd4 45. Qg4+ Kf8 46. Bh6+ Ke7 47. Qc8 Qe4+ 48. Kh2 Qe2+ 49. Kh3 Qh5+ 50. Kg2 Qxh6 51. Qxc5+ Ke6 52. Qc6+ Kf5 53. Qd5+ Kg6 54. Qe4+ Kg7 55. a4 Qh5 56. b4 Qg5 57. b5 Qd2+ 58. Kh3 Qd7+ 59. Kg2 Bd8 60. Qf3 f5 61. Qc3+ Bf6 62. Qf3 Qd2+ 63. Kh3 Qd7 64. Kg2 Kg6 65. Qf2 Bd8 66. Qe2 Qd5+ 67. Kh3 Qh1+ 68. Qh2 Qxh2+ 69. Kxh2 Kg5 0-1

[Event "December 19 Early 2023"]
[Site "https://www.chess.com"]
[Date "2023.12.19"]
[Round "6"]
[White "Aswath, S"]
[Black "Brodsky, David"]
[Result "1/2-1/2"]
[Board "64"]
[TimeControl "180+1"]
[WhiteFideId "46694919"]
[BlackFideId "2073250"]
[WhiteElo "2138"]
[BlackElo "2815"]
[WhiteTeam "IND"]
[BlackTeam "USA"]
[WhiteClock "0:00:08"]
[BlackClock "0:00:09"]

1. c4 b6 2. d4 Bb7 3. Nc3 e6 4. Qc2 f5 5. Nf3 Nf6 6. Bg5 Bb4 7. a3 Bxc3+ 8. Qxc3 h6 9. Bxf6 Qxf6 10. e3 O-O 11. h4 f4 12. Be2 fxe3 13. fxe3 Nc6 14. Qc2 Ne7 15. O-O-O Nf5 16. Qd2 Ng3 17. Rh3 Nxe2+ 18. Qxe2 d6 19. Rf1 Qf5 20. Nd2 Qg6 21. Rxf8+ Rxf8 22. g4 Qf6 23. Rh2 e5 24. d5 Qg6 25. g5 hxg5 26. Rg2 Bc8 27. Rxg5 Qh6 28. Qg2 Bf5 29. e4 Bh7 30. Qg3 Rf4 31. Qh3 Qxh4 32. Qe6+ Rf7 33. Rg4 Qf6 34. Qc8+ Rf8 35. Qxc7 Rf7 36. Qc8+ Rf8 37. Qd7 Rf7 38. Qc8+ Rf8 39. Qd7 Rf7 40. Qc8+ 1/2-1/2

[Event "December 19 Early 2023"]
[Site "https://www.chess.com"]
[Date "2023.12.19"]
[Round "6"]
[White "Dyachuk, Artem"]
[Black "Bettalli, Francesco"]
[Result "0-1"]
[Board "65"]
[TimeControl "180+1"]
[WhiteFideId "34107924"]
[BlackFideId "2816453"]
[WhiteElo "2244"]
[BlackElo "2226"]
[WhiteTeam "UKR"]
[BlackTeam "ITA"]
[WhiteClock "0:00:00"]
[BlackClock "0:00:43"]

1. e4 e5 2. Nf3 Nc6 3. Bb5 Nf6 4. O-O d6 5. c3 g6 6. d4 Bd7 7. d5 Ne7 8. Bxd7+ Qxd7 9. Re1 Bg7 10. c4 O-O 11. Nc3 Ne8 12. Rb1 h6 13. b4 f5 14. c5 f4 15. Qb3 g5 16. c6 Qc8 17. cxb7 Qxb7 18. Nd2 Nf6 19. Nc4 Kh7 20. Na5 Qb6 21. Na4 Qb5 22. Bd2 g4 23. Rbc1 Rac8 24. Nc3 Qd7 25. Qa4 c6 26. dxc6 Nxc6 27. Nd5 Nxd5 28. exd5 Nb8 29. Qxd7 Nxd7 30. Nc6 Nb6 31. Nxa7 Ra8 32. Rc7 Nxd5 33. Rb7 Kg6 34. a4 Rf7 35. Rxf7 Kxf7 36. Nb5 Rxa4 37. Nxd6+ Ke6 38. Ne4 Bf8 39. b5 Kf5 40. f3 Ra2 41. h3 gxf3 42. gxf3 Rb2 43. Rc1 Rxb5 44. Rc6 Rb2 45. Kf2 Bb4 46. Ke2 Bxd2 47. Nxd2 Ne3 48. Kd3 Ng2 49. Ne4 Ne1+ 50. Kc3 Rc2+ 51. Kb3 Rxc6 0-1

[Event "December 19 Early 2023"]
[Site "https://www.chess.com"]
[Date "2023.12.19"]
[Round "6"]
[White "Smolka, Marcin"]
[Black "Kozak, Antoni"]
[Result "0-1"]
[Board "66"]
[TimeControl "180+1"]
[WhiteFideId "1139681"]
[BlackFideId "21832030"]
[WhiteElo "2117"]
[BlackElo "2470"]
[WhiteTeam "POL"]
[BlackTeam "POL"]
[WhiteClock "0:00:15"]
[BlackClock "0:00:08"]

1. e4 c5 2. Nf3 Nc6 3. d4 cxd4 4. Nxd4 e5 5. Nb5 d6 6. c4 g6 7. h4 a6 8. N5c3 Nf6 9. Be2 Nd4 10. Be3 Bg7 11. Nd2 O-O 12. h5 Nxe2 13. Qxe2 Nxh5 14. O-O-O Nf4 15. Qf1 b5 16. g3 Ne6 17. Qh3 h5 18. Qh2 Nd4 19. f4 Bg4 20. Rdf1 bxc4 21. f5 Rb8 22. Nd5 Ne2+ 23. Kb1 c3 24. Nc4 gxf5 25. Rxf5 Rb5 26. Rxh5 f5 27. Rg5 Qxg5 28. Qh7+ Kf7 29. Bxg5 Rh8 30. Nxd6+ Ke6 31. Qg6+ Kd7 32. Qxg7+ Kxd6 33. Qf6+ Kc5 34. b4+ Kc4 35. Rxh8 Kd3 36. Nxc3 Nxc3+ 37. Kb2 Rxb4+ 38. Ka3 Ra4+ 39. Kb3 Bd1+ 40. Kb2 Rb4+ 41. Ka3 Ra4+ 42. Kb2 Rxa2+ 43. Kc1 Rc2# 0-1

[Event "December 19 Early 2023"]
[Site "https://www.chess.com"]
[Date "2023.12.19"]
[Round "6"]
[White "Javakhadze, Zurab"]
[Black "Belov, Alexei"]
[Result "1-0"]
[Board "67"]
[TimeControl "180+1"]
[WhiteFideId "13603647"]
[BlackFideId "4128206"]
[WhiteElo "2374"]
[BlackElo "2580"]
[WhiteTeam "GEO"]
[BlackTeam "RUS"]
[WhiteClock "0:01:52"]
[BlackClock "0:00:53"]

1. e4 e6 2. Qe2 c5 3. b3 Nc6 4. Bb2 Nf6 5. Nf3 d6 6. g3 e5 7. Bg2 Bg4 8. c3 Be7 9. h3 Be6 10. O-O O-O 11. d4 cxd4 12. cxd4 exd4 13. Nxd4 Nxd4 14. Bxd4 Qa5 15. Nc3 Rac8 16. Rac1 a6 17. Rfd1 Rfd8 18. Qe3 Qa3 19. Bb6 Re8 20. Qd2 h6 21. Na4 Nd7 22. Ba5 Bg5 23. f4 1-0

[Event "December 19 Early 2023"]
[Site "https://www.chess.com"]
[Date "2023.12.19"]
[Round "6"]
[White "Martinez Ramirez, Lennis"]
[Black "Farahat, Ali"]
[Result "1/2-1/2"]
[Board "68"]
[TimeControl "180+1"]
[WhiteFideId "3509079"]
[BlackFideId "10600507"]
[WhiteElo "2405"]
[BlackElo "2254"]
[WhiteTeam "CUB"]
[BlackTeam "USA"]
[WhiteClock "0:00:03"]
[BlackClock "0:00:45"]

1. c4 c6 2. e4 d5 3. cxd5 cxd5 4. exd5 Nf6 5. Bb5+ Nbd7 6. Bc4 g6 7. Nc3 Bg7 8. Nge2 O-O 9. Nf4 a6 10. a4 Nb6 11. d3 Bg4 12. Qb3 Rc8 13. h3 Bf5 14. Be3 Nxc4 15. dxc4 g5 16. Nfe2 Bd3 17. c5 Ne4 18. Nxe4 Bxe4 19. Rd1 Qa5+ 20. Nc3 Bxg2 21. Rg1 Bf3 22. Rd3 g4 23. Qxb7 Rb8 24. Qxe7 Rxb2 25. Bd2 Rfb8 26. Rxf3 gxf3 27. Rxg7+ Kxg7 28. Bh6+ Kxh6 29. Qf6+ Kh5 30. Qf5+ Kh6 31. Qf6+ Kh5 32. Qf5+ Kh6 33. Qf6+ 1/2-1/2

[Event "December 19 Early 2023"]
[Site "https://www.chess.com"]
[Date "2023.12.19"]
[Round "6"]
[White "Weetik, Vjacheslav"]
[Black "Toman, Ondrej"]
[Result "0-1"]
[Board "69"]
[TimeControl "180+1"]
[WhiteFideId "4153472"]
[BlackFideId "344516"]
[WhiteElo "2469"]
[BlackElo "2157"]
[WhiteTeam "RUS"]
[BlackTeam "CZE"]
[WhiteClock "0:00:06"]
[BlackClock "0:00:04"]

1. e4 c6 2. d4 d5 3. exd5 cxd5 4. Bd3 Nc6 5. c3 g6 6. Nf3 Nh6 7. O-O Bf5 8. Bb5 Bg7 9. Ne5 Qb6 10. Qa4 Rc8 11. c4 O-O 12. c5 Qc7 13. Bxc6 bxc6 14. Bf4 Qb7 15. Nd2 f6 16. Nef3 Bd3 17. Rfe1 Nf5 18. g4 Nh6 19. h3 Rfe8 20. Re3 Bb5 21. Qc2 e6 22. Rae1 Qd7 23. a4 Ba6 24. b4 Nf7 25. Kg2 Re7 26. Nb1 Rce8 27. Na3 e5 28. Bg3 e4 29. Nd2 f5 30. b5 Bb7 31. gxf5 Bxd4 32. fxg6 hxg6 33. Nb3 Bxe3 34. fxe3 Nh6 35. Nd4 Nf5 36. Qc3 Nxd4 37. Qxd4 Bc8 38. Rh1 Rf7 39. Nc2 Ref8 40. Qd2 Rf3 41. Nd4 Rxg3+ 42. Kxg3 cxb5 43. axb5 Qc7+ 44. Kg2 Qxc5 45. Rc1 Qe7 46. Qe1 Qf6 47. Qg3 Bd7 48. Rc7 Be6 49. Rc1 Bd7 50. h4 Rf7 51. Rg1 Kh7 52. Rc1 Rg7 53. Kh2 g5 54. Rg1 gxh4 55. Qxg7+ Qxg7 56. Rxg7+ Kxg7 57. Kg2 Kf6 58. Nb3 Bxb5 59. Nd4 Bd7 60. Kh2 a5 61. Kg2 a4 62. Nc2 Ke5 63. Kh2 Bb5 64. Nd4 Bd3 65. Nb5 a3 66. Nxa3 Kd6 67. Kh3 Kc5 68. Kxh4 Kb4 69. Kg5 Kxa3 70. Kf4 Bc4 0-1

[Event "December 19 Early 2023"]
[Site "https://www.chess.com"]
[Date "2023.12.19"]
[Round "6"]
[White "Halkias, Stelios"]
[Black "Gong, Qianyun"]
[Result "1-0"]
[Board "70"]
[TimeControl "180+1"]
[WhiteFideId "4201809"]
[BlackFideId "8602425"]
[WhiteElo "2462"]
[BlackElo "2157"]
[WhiteTeam "GRE"]
[BlackTeam "SGP"]
[WhiteClock "0:00:09"]
[BlackClock "0:00:00"]

1. Nf3 d5 2. d4 Nf6 3. c4 c6 4. Nc3 dxc4 5. e4 b5 6. Be2 e6 7. O-O Bb7 8. Rb1 h6 9. b3 cxb3 10. Rxb3 Be7 11. Qc2 Nbd7 12. e5 Nd5 13. Nxd5 exd5 14. Nd2 O-O 15. Rg3 f5 16. Nf3 Kh8 17. Rh3 Qe8 18. Bd3 Qg6 19. Re1 Nb6 20. e6 Nc4 21. Bf4 Rae8 22. Qc1 Kh7 23. Kh1 Bc8 24. Bxc4 bxc4 25. Ne5 Qxe6 26. Ng4 fxg4 27. Rxe6 Bxe6 28. Re3 Bf5 29. Be5 Bg5 30. Kg1 Bxe3 31. Qxe3 Bd3 32. h3 gxh3 33. Qxh3 Rf5 34. Qe3 c5 35. f4 cxd4 36. Qxd4 Be4 37. Qxa7 Rg8 38. g4 Rff8 39. Qd4 Ra8 40. g5 hxg5 41. Qe3 Kg6 42. f5+ Kf7 43. Qxg5 Rxa2 44. Qg6+ Ke7 45. Qe6+ Kd8 46. Qxg8+ Kd7 47. Qxg7+ Kc6 48. Qf6+ Kb5 49. Qd6 Rg2+ 50. Kf1 c3 51. Qb8+ Kc4 52. Qc7+ Kb5 53. Qb7+ Kc4 54. Qc6+ Kb3 55. Qxc3+ Ka2 56. Qa1+ Kb3 57. Qc3+ Ka2 58. f6 Rc2 59. Qa1+ Kb3 60. f7 Bd3+ 61. Kg1 Rc8 62. Qd4 1-0

[Event "December 19 Early 2023"]
[Site "https://www.chess.com"]
[Date "2023.12.19"]
[Round "6"]
[White "Deng, Henry"]
[Black "Liyanage, Ranindu Dilshan"]
[Result "1-0"]
[Board "71"]
[TimeControl "180+1"]
[WhiteFideId "30965454"]
[BlackFideId "9915834"]
[WhiteElo "2566"]
[BlackElo "2198"]
[WhiteTeam "USA"]
[BlackTeam "SRI"]
[WhiteClock "0:00:09"]
[BlackClock "0:00:02"]

1. e4 c5 2. Nc3 a6 3. g3 g6 4. d4 cxd4 5. Qxd4 Nf6 6. Bg2 Nc6 7. Qd3 d6 8. Nge2 Bg7 9. h3 O-O 10. Be3 Ne5 11. Qd1 Nc4 12. Bc1 Be6 13. O-O Rc8 14. b3 Ne5 15. Bb2 b5 16. Nd4 Bd7 17. Nd5 e6 18. Ne3 Nc6 19. c4 Qb6 20. Ne2 Rfd8 21. Rc1 Ne5 22. Bd4 Qb8 23. f4 Nc6 24. Ba1 Qb6 25. Qd2 e5 26. Kh2 exf4 27. Nxf4 Ne5 28. Nfd5 Nxd5 29. Nxd5 Qb8 30. Ne7+ Kh8 31. Nxc8 Bxc8 32. cxb5 axb5 33. Bxe5 Bxe5 34. Rxf7 Be6 35. Re7 Bg8 36. Rcc7 d5 37. Rcd7 Bxg3+ 38. Kh1 Rf8 39. Qb2+ d4 40. Qxd4+ 1-0

[Event "December 19 Early 2023"]
[Site "https://www.chess.com"]
[Date "2023.12.19"]
[Round "6"]
[White "Shaik Sumer Arsh"]
[Black "Harshavardhan G B"]
[Result "1-0"]
[Board "72"]
[TimeControl "180+1"]
[WhiteFideId "45020000"]
[BlackFideId "25059009"]
[WhiteElo "2358"]
[BlackElo "2290"]
[WhiteTeam "IND"]
[BlackTeam "IND"]
[WhiteClock "0:00:21"]
[BlackClock "0:00:15"]

1. d4 Nf6 2. c4 e6 3. Nf3 c5 4. d5 exd5 5. cxd5 d6 6. Nc3 g6 7. e4 Bg7 8. Nd2 O-O 9. Be2 Re8 10. O-O Na6 11. f3 Nc7 12. Nc4 b6 13. a4 Ba6 14. Ra3 Rb8 15. Qb3 Nh5 16. Nb5 Bxb5 17. axb5 f5 18. Bd3 Bd4+ 19. Be3 Qf6 20. Bf2 Nf4 21. Kh1 Bxf2 22. Rxf2 Qd4 23. Rd2 Nxd3 24. Rxd3 Qf2 25. Ra1 fxe4 26. Rd2 Qh4 27. Nxd6 e3 28. Re2 Red8 29. Ne4 Nxd5 30. Rd1 c4 31. Qxc4 Rbc8 32. Qb3 Kg7 33. g3 Qh3 34. Kg1 Qf5 35. Kg2 Rc7 36. Rd3 Rf7 37. Rdxe3 Nxe3+ 38. Rxe3 Qe5 39. f4 Qd4 40. Ng5 Qd5+ 41. Qxd5 Rxd5 42. Nxf7 Kxf7 43. Ra3 Rxb5 44. Rxa7+ Kf6 45. Rxh7 Rxb2+ 46. Kf3 b5 47. h4 b4 48. g4 Rb3+ 49. Ke4 Rb1 50. Rb7 Re1+ 51. Kf3 Rf1+ 52. Ke3 Re1+ 53. Kf2 Rb1 54. Rb6+ Kf7 55. h5 gxh5 56. g5 h4 57. f5 h3 58. Rb7+ Ke8 59. g6 h2 60. g7 Rg1 61. f6 Rf1+ 62. Ke2 Re1+ 63. Kd2 Rd1+ 64. Kc2 Rc1+ 65. Kb3 Rb1+ 66. Ka4 Ra1+ 67. Kb5 Rg1 68. f7+ Kd8 69. f8=Q# 1-0

[Event "December 19 Early 2023"]
[Site "https://www.chess.com"]
[Date "2023.12.19"]
[Round "6"]
[White "Adla, Diego"]
[Black "Tifferet, Shakked"]
[Result "1/2-1/2"]
[Board "73"]
[TimeControl "180+1"]
[WhiteFideId "100072"]
[BlackFideId "2811529"]
[WhiteElo "2377"]
[BlackElo "2142"]
[WhiteTeam "ARG"]
[BlackTeam "ISR"]
[WhiteClock "0:00:10"]
[BlackClock "0:00:04"]

1. e4 c5 2. Nf3 Nc6 3. d4 cxd4 4. Nxd4 e5 5. Nb5 Nf6 6. N1c3 a6 7. Nd6+ Bxd6 8. Qxd6 Qe7 9. Qxe7+ Kxe7 10. Bg5 Nd4 11. Nd5+ Kd6 12. Nxf6 Nxc2+ 13. Kd2 Nxa1 14. Nd5 f6 15. Be3 b5 16. Bd3 Bb7 17. f3 Rac8 18. Rxa1 Bxd5 19. exd5 Kxd5 20. a3 Ke6 21. a4 Ra8 22. b4 d5 23. Bc5 f5 24. g3 h5 25. axb5 axb5 26. Ra5 Rhc8 27. Rxb5 e4 28. fxe4 fxe4 29. Be2 Ke5 30. Rb7 Ra2+ 31. Ke1 Re8 32. Bxh5 Ra1+ 33. Kd2 Rea8 34. b5 R8a2+ 35. Kc3 Rc1+ 36. Kb3 Rac2 37. Bb4 Kd4 38. Rd7 Rc4 39. Ba3 Rb1+ 40. Bb2+ Ke3 41. Rxd5 Rc8 42. b6 Re1 43. Rb5 Rb8 44. b7 Rd1 45. Bxd1 Kd2 46. Bc2 e3 47. Be4 e2 48. Bc3+ Ke3 49. Bc6 Rd8 50. Re5+ Kf2 51. Re7 Rb8 52. Kc4 g6 53. Kc5 g5 54. Kb6 g4 55. Kc7 Rd8 56. Kxd8 e1=Q 57. Rxe1 1/2-1/2

[Event "December 19 Early 2023"]
[Site "https://www.chess.com"]
[Date "2023.12.19"]
[Round "6"]
[White "Yaran, Siar"]
[Black "Tulchynskyi, Feliks"]
[Result "1/2-1/2"]
[Board "74"]
[TimeControl "180+1"]
[WhiteFideId "6323006"]
[BlackFideId "34127895"]
[WhiteElo "2191"]
[BlackElo "2131"]
[WhiteTeam "TUR"]
[BlackTeam "UKR"]
[WhiteClock "0:00:06"]
[BlackClock "0:00:03"]

1. Nf3 Nf6 2. c4 g6 3. b3 Bg7 4. Bb2 O-O 5. g3 c6 6. Bg2 d5 7. O-O Bf5 8. d3 Nbd7 9. Nbd2 Re8 10. Nh4 Be6 11. Rc1 Nh5 12. Bxg7 Nxg7 13. Rc2 f6 14. Qa1 Bf7 15. Rfc1 e6 16. Nhf3 Qe7 17. Nf1 e5 18. cxd5 Bxd5 19. Ne3 Bf7 20. Qb2 Ne6 21. b4 a6 22. a4 Nc7 23. Nd2 Nb6 24. a5 Nd7 25. d4 exd4 26. Qxd4 Nb5 27. Qb2 Ne5 28. Ne4 Nd6 29. Nc5 Nec4 30. Nxc4 Nxc4 31. Qc3 Nd6 32. Rd2 Rad8 33. Rcd1 Nb5 34. Qb2 Kg7 35. Bf3 Rxd2 36. Qxd2 Bd5 37. Bxd5 cxd5 38. Qxd5 Nc3 39. Qd3 Nxd1 40. Qxd1 Qxe2 41. Qd5 Qe1+ 42. Kg2 Re7 43. Nxb7 Qxb4 44. Nc5 Qb5 45. Qd6 Qe8 46. Nxa6 Re6 47. Nc7 Qa8+ 48. Nxa8 Rxd6 49. Nb6 Re6 50. Kf3 f5 51. h4 h6 52. Nc4 Re4 53. Nb6 Rb4 54. Nd5 Rb5 55. Nc7 Rxa5 56. Ne6+ Kf6 57. Nf4 Ra3+ 58. Kg2 Ra4 59. Kf3 Ra5 60. Ke3 Ra3+ 61. Ke2 g5 62. hxg5+ hxg5 63. Nd3 Ke6 64. Nc5+ Kd5 65. Nd7 Ra6 66. f4 Rd6 67. Ne5 Ke4 68. Nf3 gxf4 69. Ng5+ Kd4 70. gxf4 Ra6 71. Kf3 Ra3+ 72. Kf2 Ra2+ 73. Kf3 Ra3+ 74. Kf2 Rb3 75. Ke2 Rb2+ 76. Kf3 Rb3+ 77. Kf2 Ra3 78. Ke2 Kd5 79. Kf2 Kd4 80. Ke2 Ra6 81. Kf3 Ra3+ 1/2-1/2

[Event "December 19 Early 2023"]
[Site "https://www.chess.com"]
[Date "2023.12.19"]
[Round "6"]
[White "Maatman, Nick"]
[Black "Kleinman, Michael"]
[Result "1-0"]
[Board "75"]
[TimeControl "180+1"]
[WhiteFideId "1040391"]
[BlackFideId "2609479"]
[WhiteElo "2700"]
[BlackElo "2287"]
[WhiteTeam "NED"]
[BlackTeam "CAN"]
[WhiteClock "0:00:10"]
[BlackClock "0:00:00"]

1. d4 Nf6 2. Nf3 d5 3. Bf4 e6 4. e3 Bd6 5. Nbd2 O-O 6. Bd3 c5 7. dxc5 Bxc5 8. O-O Nc6 9. c4 Re8 10. Rc1 d4 11. exd4 Nxd4 12. Nxd4 Bxd4 13. Qc2 h6 14. Nf3 e5 15. Nxd4 exf4 16. Rcd1 Bg4 17. Ne2 Qc7 18. f3 Be6 19. Kh1 Rad8 20. a3 a5 21. Qc3 b6 22. Rfe1 Bc8 23. Nd4 Qc5 24. Rxe8+ Rxe8 25. b4 axb4 26. axb4 Qe7 27. Nc2 Rd8 28. Qe1 Qc7 29. h3 Nh5 30. Kh2 Be6 31. Bf1 Ra8 32. Nd4 Bd7 33. Rc1 Re8 34. Qd2 Qe5 35. Nc2 Bc8 36. Re1 Bb7 37. Rxe5 Rxe5 38. Qd8+ Kh7 39. Bd3+ g6 40. Qd7 1-0

[Event "December 19 Early 2023"]
[Site "https://www.chess.com"]
[Date "2023.12.19"]
[Round "6"]
[White "Cieslak, Patryk"]
[Black "Estrada Nieto, Julian"]
[Result "0-1"]
[Board "76"]
[TimeControl "180+1"]
[WhiteFideId "21078882"]
[BlackFideId "5101018"]
[WhiteElo "2149"]
[BlackElo "2161"]
[WhiteTeam "POL"]
[BlackTeam "ESP"]
[WhiteClock "0:00:00"]
[BlackClock "0:00:27"]

1. c4 e5 2. Nc3 Nf6 3. Nf3 Nc6 4. e4 Bb4 5. d3 d6 6. a3 Bc5 7. Be2 a6 8. O-O O-O 9. b4 Ba7 10. Bg5 h6 11. Bxf6 Qxf6 12. Nd5 Qd8 13. Nd2 Nd4 14. Bg4 c6 15. Bxc8 Rxc8 16. Ne3 g6 17. Kh1 f5 18. exf5 gxf5 19. Qh5 Qg5 20. Qh3 Kh7 21. Nf3 Qf4 22. Nxd4 Bxd4 23. Rae1 Rf7 24. Qh5 Rcf8 25. Nc2 Ba7 26. Ne3 Bd4 27. g3 Qg5 28. Qxg5 hxg5 29. Nc2 Ba7 30. f3 f4 31. Kg2 Kg6 32. Re4 Bb6 33. g4 Re7 34. Rfe1 Rfe8 35. d4 Kf6 0-1

[Event "December 19 Early 2023"]
[Site "https://www.chess.com"]
[Date "2023.12.19"]
[Round "6"]
[White "Waldhausen Gordon, Frederick"]
[Black "Volkov, Maksim"]
[Result "0-1"]
[Board "77"]
[TimeControl "180+1"]
[WhiteFideId "2409143"]
[BlackFideId "54123070"]
[WhiteElo "2286"]
[BlackElo "2293"]
[WhiteTeam "SCO"]
[BlackTeam "RUS"]
[WhiteClock "0:01:31"]
[BlackClock "0:01:43"]

1. Nf3 d5 2. d4 Nf6 3. c4 e6 4. Nc3 c6 5. Bg5 Nbd7 6. e3 Qa5 7. Bd3 dxc4 8. Bxc4 Ne4 9. Qa4 Qxa4 10. Nxa4 b5 11. Bd3 Nxg5 12. Nxg5 bxa4 13. Be4 Bb4+ 14. Kd1 Bb7 15. Rc1 Rc8 16. Rc4 Be7 17. Rxa4 Bxg5 18. Rxa7 Rb8 19. Ke2 Bd8 20. Rc1 Bb6 21. Ra3 O-O 22. Bxc6 Rfc8 23. Rac3 Rxc6 24. Rxc6 Bxc6 25. Rxc6 Kf8 26. b3 Ke7 27. Kd3 f5 28. h3 g5 29. g3 h5 30. a4 Ba5 31. Kc2 Nb6 32. Rc5 Rc8 33. Kd3 Rxc5 34. dxc5 Nd5 35. Kc4 Kd7 36. Kb5 Be1 37. a5 Kc7 38. a6 Bxf2 39. Kc4 Bxe3 40. b4 f4 41. gxf4 gxf4 42. b5 f3 43. a7 Kb7 44. b6 Nxb6+ 45. cxb6 Bxb6 46. Kd3 Kxa7 0-1

[Event "December 19 Early 2023"]
[Site "https://www.chess.com"]
[Date "2023.12.19"]
[Round "6"]
[White "Feuerstack, Aljoscha"]
[Black "aksuliini1"]
[Result "1-0"]
[Board "78"]
[TimeControl "180+1"]
[WhiteFideId "4681932"]
[WhiteElo "2418"]
[BlackElo "2544"]
[WhiteTeam "GER"]
[WhiteClock "0:00:19"]
[BlackClock "0:00:10"]

1. e4 c5 2. Nf3 d6 3. g3 Nf6 4. d3 g6 5. Bg2 Bg7 6. O-O O-O 7. c3 Nc6 8. Re1 Qb6 9. Nbd2 Bg4 10. h3 Bd7 11. a3 e5 12. b4 Qc7 13. bxc5 dxc5 14. a4 Be6 15. Ng5 Bd7 16. Nc4 h6 17. Nf3 Rad8 18. Qc2 Be6 19. Nfd2 Nd7 20. a5 b5 21. axb6 axb6 22. Na3 Na5 23. Nf1 c4 24. dxc4 Nc5 25. Ne3 Ncb3 26. Rb1 Nxc1 27. Rexc1 Qc5 28. Rb4 Rb8 29. Qb2 Rfc8 30. Bf1 Bf8 31. Rb1 Rc6 32. Nac2 Qd6 33. Nd5 Qd8 34. Ra4 Nb7 35. Ncb4 Rcc8 36. Na6 Ra8 37. Nxb6 Nc5 38. Nxc5 Bxc5 39. Rxa8 Rxa8 40. Nxa8 Qxa8 41. Qb8+ Qxb8 42. Rxb8+ Kg7 43. Rb5 Be7 44. c5 Kf8 45. Rb8+ Kg7 46. c6 Bd6 47. Rb7 Bc8 48. Ra7 Kf6 49. Ba6 Bxa6 50. Rxa6 Ke7 51. Ra7+ Ke8 52. Rd7 Bb8 53. Kf1 1-0

[Event "December 19 Early 2023"]
[Site "https://www.chess.com"]
[Date "2023.12.19"]
[Round "6"]
[White "Cattaneo, Marco"]
[Black "Khumalo, Keith"]
[Result "1-0"]
[Board "79"]
[TimeControl "180+1"]
[WhiteFideId "878332"]
[BlackFideId "14319470"]
[WhiteElo "2186"]
[BlackElo "2093"]
[WhiteTeam "ITA"]
[BlackTeam "RSA"]
[WhiteClock "0:00:34"]
[BlackClock "0:01:10"]

1. e4 c5 2. d3 Nc6 3. g3 g6 4. Bg2 Bg7 5. f4 Rb8 6. Nf3 d6 7. O-O e6 8. c3 Nge7 9. Be3 O-O 10. Bf2 b5 11. d4 cxd4 12. cxd4 d5 13. e5 b4 14. Re1 a5 15. Nbd2 Ba6 16. Nb3 Bb5 17. Nc5 Nc8 18. g4 Nb6 19. Bh4 Qc7 20. b3 Nd7 21. Nxd7 Qxd7 22. Bf6 Rfc8 23. Qd2 Bf8 24. Bh3 Ne7 25. f5 Rc3 26. fxe6 fxe6 27. Bg2 Rbc8 28. Qf4 Rc2 29. Bf1 R8c3 30. Bxb5 Qxb5 31. Ng5 Bh6 32. Bxe7 Qe8 33. Qf6 Bg7 34. Qxe6+ 1-0

[Event "December 19 Early 2023"]
[Site "https://www.chess.com"]
[Date "2023.12.19"]
[Round "6"]
[White "Korchynskyi, Mykola"]
[Black "Aaditya Dhingra"]
[Result "0-1"]
[Board "80"]
[TimeControl "180+1"]
[WhiteFideId "34138005"]
[BlackFideId "25678191"]
[WhiteElo "2007"]
[BlackElo "2269"]
[WhiteTeam "UKR"]
[BlackTeam "IND"]
[WhiteClock "0:00:13"]
[BlackClock "0:01:02"]

1. d4 d6 2. c4 Nf6 3. Nc3 Bf5 4. Nf3 Nbd7 5. Bf4 h6 6. e3 e6 7. Bd3 Bxd3 8. Qxd3 Be7 9. O-O-O Nh5 10. Rdg1 Nxf4 11. exf4 c6 12. g4 d5 13. c5 Qa5 14. f5 exf5 15. gxf5 Bf6 16. Re1+ Kd8 17. Kb1 Kc7 18. Re2 Rae8 19. Rhe1 Rxe2 20. Rxe2 Kd8 21. Qe3 Qb4 22. Qf4 Kc8 23. Qd6 Rd8 24. a3 Qa5 25. Qf4 Qc7 26. Qg4 Rf8 27. h4 Qd8 28. h5 Re8 29. Rxe8 Qxe8 30. Ka2 b6 31. cxb6 axb6 32. Qf4 Qe7 33. Qd2 Kb7 34. Qd3 b5 35. Qd2 Nb6 36. Qf4 Nc4 37. Nd2 Bg5 38. Qg4 Bxd2 39. Qxg7 Bxc3 40. f6 Qe2 41. Qxf7+ Kb6 42. Qa7+ Kxa7 43. f7 Qxb2# 0-1